[Event "57th Biel Festival ATO 2024"]
[Site "Biel"]
[Date "2024.07.17"]
[Round "2.23"]
[White "Kuenzi, Anton"]
[Black "Klas, Friedrich Guenther"]
[Result "1-0"]
[ECO "A06"]
[WhiteElo "1862"]
[BlackElo "1750"]
[Annotator "NA RC"]
[PlyCount "70"]
[EventDate "2024.07.03"]
[EventType "swiss"]
[EventCountry "SUI"]
[SourceTitle "playchess.com"]
[Source "ChessBase"]
[SourceQuality "1"]
[TimeControl "40/5400+30:1800+30"]

1. Nf3 c6 2. b3 d5 3. Bb2 Bf5 4. g3 h6 5. Bg2 Nd7 6. d3 Ngf6 7. Nbd2 Bh7 8. O-O Qc7 9. c4 e6 10. Qc2 Be7 11. Bc3 e5 12. Ne1 O-O 13. e4 d4 14. Bb2 c5 15. Bh3 Ne8 16. Ng2 f5 17. exf5 Bxf5 18. Bxf5 Rxf5 19. Ne4 Nd6 20. Qe2 Raf8 21. Rae1 Rf3 22. Nf4 R3xf4 23. gxf4 exf4 24. Nxd6 Bxd6 25. Qe6+ Kh8 26. f3 Ne5 27. Rd1 Rf6 28. Qh3 Qf7 29. Kh1 Rf5 30. Rg1 Rh5 31. Qg2 Qd7 32. Bc1 Rh3 33. Bxf4 Nxf3 34. Bxd6 Nxg1 35. Rxg1 Re3 1-0

[Event "57th Biel Festival ATO 2024"]
[Site "Biel"]
[Date "2024.07.17"]
[Round "2.24"]
[White "Cho, Yeonhee"]
[Black "Jaggy, Enzo"]
[Result "1/2-1/2"]
[ECO "C01"]
[WhiteElo "1686"]
[BlackElo "1835"]
[Annotator "NA RC"]
[PlyCount "48"]
[EventDate "2024.07.03"]
[EventType "swiss"]
[EventCountry "SUI"]
[SourceTitle "playchess.com"]
[Source "ChessBase"]
[SourceQuality "1"]
[TimeControl "40/5400+30:1800+30"]

1. e4 e6 2. d4 d5 3. exd5 exd5 4. Bd3 Nf6 5. Bf4 Bd6 6. Bxd6 Qxd6 7. c3 O-O 8. h3 Re8+ 9. Ne2 Ne4 10. O-O Bf5 11. Qc2 Nd7 12. Nd2 Nxd2 13. Qxd2 Bxd3 14. Qxd3 Re7 15. Ng3 g6 16. Rfe1 Rae8 17. Rxe7 Rxe7 18. Nf1 c6 19. Nd2 Nf6 20. Nf3 Qf4 21. Rd1 Ne4 22. Re1 f5 23. Qe3 Qxe3 24. Rxe3 Kg7 1/2-1/2

[Event "57th Biel Festival ATO 2024"]
[Site "Biel"]
[Date "2024.07.17"]
[Round "2.29"]
[White "Bangerter, Daria"]
[Black "Kim, Yejun"]
[Result "1/2-1/2"]
[ECO "B52"]
[WhiteElo "1931"]
[BlackElo "1642"]
[Annotator "RC"]
[PlyCount "39"]
[EventDate "2024.07.03"]
[EventType "swiss"]
[EventCountry "SUI"]
[SourceTitle "playchess.com"]
[Source "ChessBase"]
[SourceQuality "1"]
[TimeControl "40/5400+30:1800+30"]

1. e4 c5 2. Nf3 d6 3. Bb5+ Bd7 4. Bxd7+ Qxd7 5. O-O Nf6 6. Re1 Nc6 7. c3 e6 8. d4 cxd4 9. cxd4 d5 10. e5 Ne4 11. Nbd2 Nxd2 12. Bxd2 Be7 13. Rc1 O-O 14. Rc3 Rfc8 15. a3 b5 16. Rd3 b4 17. h4 h5 18. g3 Kh7 19. Kg2 Kg6 20. g4 1/2-1/2

[Event "57th Biel Festival ATO 2024"]
[Site "Biel"]
[Date "2024.07.17"]
[Round "2.30"]
[White "Dreke, Frank"]
[Black "Lesniak, Julien"]
[Result "1-0"]
[ECO "C01"]
[WhiteElo "1915"]
[BlackElo "1728"]
[Annotator "ChessBase"]
[PlyCount "89"]
[EventDate "2024.07.03"]
[EventType "swiss"]
[EventCountry "SUI"]
[SourceTitle "playchess.com"]
[Source "ChessBase"]
[SourceQuality "1"]
[TimeControl "40/5400+30:1800+30"]

1. e4 e6 2. d4 d5 3. Bd3 dxe4 4. Bxe4 Nd7 5. Nf3 Ngf6 6. Bd3 Be7 7. O-O O-O 8. c4 c5 9. Bc2 cxd4 10. Qxd4 Qb6 11. Qxb6 Nxb6 12. b3 Bd7 13. Ne5 Rfd8 14. a4 Be8 15. Nd2 Bb4 16. Ndf3 Bc3 17. Rb1 Nbd7 18. Nxd7 Rxd7 19. Be3 Ng4 20. Bc5 b6 21. Ba3 Ne5 22. Nxe5 Bxe5 23. Rfd1 Rad8 24. Rxd7 Rxd7 25. Rd1 Bd4 26. Kf1 a5 27. b4 Bc3 28. bxa5 Rxd1+ 29. Bxd1 Bxa5 30. Ke2 Bc6 31. f3 f6 32. Bd6 Kf7 33. Bc7 Ke7 34. c5 Kd7 35. Bxb6 Bb4 36. Bb3 Bb7 37. Bc4 Kc6 38. Bxe6 Bxc5 39. Bxc5 Kxc5 40. Ke3 Bc6 41. Bb3 Kb4 42. Bc2 h6 43. Kd4 Bb7 44. Be4 Bc8 45. Bc6 1-0

[Event "57th Biel Festival ATO 2024"]
[Site "Biel"]
[Date "2024.07.17"]
[Round "2.31"]
[White "Leuenberger, Urs"]
[Black "Christoffersen, Odd"]
[Result "1/2-1/2"]
[ECO "C42"]
[WhiteElo "1903"]
[BlackElo "1676"]
[Annotator "RC"]
[PlyCount "124"]
[EventDate "2024.07.03"]
[EventType "swiss"]
[EventCountry "SUI"]
[SourceTitle "playchess.com"]
[Source "ChessBase"]
[SourceQuality "1"]
[TimeControl "40/5400+30:1800+30"]

1. e4 e5 2. Nf3 Nf6 3. Nxe5 d6 4. Nf3 Nxe4 5. d3 Nf6 6. Nc3 Be7 7. d4 Bg4 8. h3 Bh5 9. g4 Bg6 10. Nh4 Nfd7 11. Nxg6 hxg6 12. Bc4 Nb6 13. Bb3 d5 14. Qf3 c6 15. Bf4 Na6 16. O-O-O Qd7 17. Nb1 O-O-O 18. Nd2 Rdf8 19. c4 Nc7 20. Bxc7 Kxc7 21. a4 Bg5 22. Qg3+ Kc8 23. f4 dxc4 24. fxg5 cxb3 25. a5 Nd5 26. Nxb3 Qc7 27. Qxc7+ Kxc7 28. Rdf1 b6 29. Rf3 f5 30. gxf6 Rxf6 31. axb6+ axb6 32. Nd2 Re8 33. Rhf1 Ref8 34. Rxf6 gxf6 35. Ne4 Kd7 36. Kd2 Ke7 37. Re1 Kf7 38. Nd6+ Kg8 39. Rc1 Nb4 40. Rc4 c5 41. Ne4 f5 42. dxc5 fxe4 43. Rxb4 bxc5 44. Rxe4 Rb8 45. Kc3 Rb5 46. b3 Kg7 47. Kc2 Kf6 48. h4 Ra5 49. Rf4+ Ke5 50. Rf3 Ra2+ 51. Kd3 Rg2 52. g5 Rh2 53. Kc4 Rxh4+ 54. Kxc5 Rg4 55. b4 Rxg5 56. Rb3 Kf4+ 57. Kc6 Rh5 58. b5 g5 59. b6 g4 60. b7 Rh8 61. b8=Q+ Rxb8 62. Rxb8 g3 1/2-1/2

[Event "57th Biel Festival ATO 2024"]
[Site "Biel"]
[Date "2024.07.17"]
[Round "2.33"]
[White "Gotti, Nicola"]
[Black "Trubini, Timon"]
[Result "1/2-1/2"]
[ECO "B92"]
[WhiteElo "1804"]
[BlackElo "1714"]
[Annotator "NA RC"]
[PlyCount "61"]
[EventDate "2024.07.03"]
[EventType "swiss"]
[EventCountry "SUI"]
[SourceTitle "playchess.com"]
[Source "ChessBase"]
[SourceQuality "1"]
[TimeControl "40/5400+30:1800+30"]

1. e4 c5 2. Nf3 d6 3. d4 cxd4 4. Nxd4 Nf6 5. Nc3 a6 6. Be2 e5 7. Nb3 Be6 8. Be3 Be7 9. Nd5 Nbd7 10. Qd3 O-O 11. Rd1 Rc8 12. c3 Bxd5 13. exd5 Nb6 14. Bxb6 Qxb6 15. Qe3 Qxe3 16. fxe3 Ne4 17. Bf3 Nc5 18. Nxc5 Rxc5 19. O-O Rfc8 20. Bg4 Rf8 21. Be2 Rcc8 22. Rf3 Bd8 23. e4 Bb6+ 24. Kh1 f6 25. h4 Kf7 26. g4 Ke7 27. Rdf1 h6 28. Rg3 g5 29. Rh3 Rh8 30. c4 Bd4 31. b3 1/2-1/2

[Event "57th Biel Festival ATO 2024"]
[Site "Biel"]
[Date "2024.07.17"]
[Round "2.34"]
[White "Shin, Seungmin"]
[Black "Schaer, Bryan"]
[Result "0-1"]
[ECO "C02"]
[WhiteElo "1493"]
[BlackElo "1803"]
[Annotator "NA RC"]
[PlyCount "40"]
[EventDate "2024.07.03"]
[EventType "swiss"]
[EventCountry "SUI"]
[SourceTitle "playchess.com"]
[Source "ChessBase"]
[SourceQuality "1"]
[TimeControl "40/5400+30:1800+30"]

1. e4 e6 2. d4 d5 3. e5 c5 4. c3 Nc6 5. Nf3 Bd7 6. Be2 Nge7 7. Be3 Nf5 8. O-O Be7 9. Re1 Qb6 10. b3 cxd4 11. cxd4 Rc8 12. a3 f6 13. Bf1 O-O 14. exf6 Bxf6 15. Ne5 Nxe5 16. dxe5 Nxe3 17. Rxe3 Bxe5 18. Ra2 Bf4 19. Re1 Rc1 20. Qe2 Bb5 0-1

[Event "57th Biel Festival ATO 2024"]
[Site "Biel"]
[Date "2024.07.17"]
[Round "2.35"]
[White "Primbetova, Raikhan"]
[Black "Ehrsam, Andreas"]
[Result "1-0"]
[ECO "A38"]
[WhiteElo "1534"]
[BlackElo "1793"]
[Annotator "NA RC"]
[PlyCount "135"]
[EventDate "2024.07.03"]
[EventType "swiss"]
[EventCountry "SUI"]
[SourceTitle "playchess.com"]
[Source "ChessBase"]
[SourceQuality "1"]
[TimeControl "40/5400+30:1800+30"]

1. c4 c5 2. Nc3 Nc6 3. Nf3 g6 4. g3 Bg7 5. Bg2 Nf6 6. O-O O-O 7. d3 d6 8. a3 a5 9. Qc2 Nd7 10. e3 Nde5 11. Nxe5 Nxe5 12. f4 Nc6 13. Bd2 f5 14. Nb5 e5 15. Bc3 Be6 16. Rae1 Re8 17. e4 Qd7 18. b3 b6 19. Kh1 Rad8 20. Qb2 Nd4 21. Nxd4 cxd4 22. Bd2 fxe4 23. dxe4 Rf8 24. Qc1 Rc8 25. a4 Rf7 26. Rf2 Qe7 27. Ref1 Rcf8 28. Qc2 Qd7 29. Qd3 Bh6 30. f5 Bxd2 31. fxe6 Qxe6 32. Rxf7 Rxf7 33. Rxf7 Qxf7 34. Qxd2 Kg7 35. Kg1 Qc7 36. Qd3 Qc5 37. Bf3 Qb4 38. Kg2 Qe1 39. h4 Qb4 40. Be2 Qa3 41. Bd1 Qb4 42. Qe2 Qc3 43. Bc2 Qb4 44. Kh3 Qc3 45. Kh2 Qb4 46. g4 Qc3 47. g5 Kg8 48. c5 dxc5 49. Qc4+ Qxc4 50. bxc4 Kf7 51. Kg3 Ke6 52. Kg4 Kf7 53. Bd3 Kg7 54. Be2 Kf7 55. Kg3 Kg7 56. Bg4 Kf8 57. Be6 Kg7 58. h5 Kf8 59. h6 Ke7 60. Bg8 Kf8 61. Bxh7 Kf7 62. Kf2 b5 63. cxb5 d3 64. Ke3 c4 65. b6 d2 66. Kxd2 c3+ 67. Kxc3 Kf8 68. b7 1-0

[Event "57th Biel Festival ATO 2024"]
[Site "Biel"]
[Date "2024.07.17"]
[Round "2.37"]
[White "Van Bogaert, Olivier"]
[Black "Meise, Volker"]
[Result "1-0"]
[ECO "A29"]
[WhiteElo "1815"]
[BlackElo "1772"]
[Annotator "NA RC"]
[PlyCount "79"]
[EventDate "2024.07.03"]
[EventType "swiss"]
[EventCountry "SUI"]
[SourceTitle "playchess.com"]
[Source "ChessBase"]
[SourceQuality "1"]
[TimeControl "40/5400+30:1800+30"]

1. c4 e5 2. g3 Nf6 3. Bg2 Bc5 4. Nc3 O-O 5. Nf3 Nc6 6. O-O d6 7. d3 Be6 8. Ng5 Bd7 9. Nge4 Nxe4 10. Bxe4 f5 11. Bd5+ Kh8 12. e3 Qf6 13. Bg2 Be6 14. a3 a5 15. Bd2 Ne7 16. Na4 c6 17. Nxc5 dxc5 18. Bc3 Ng6 19. Qb3 b5 20. Qc2 Bd7 21. cxb5 cxb5 22. Bxa8 Rxa8 23. b4 cxb4 24. axb4 a4 25. Qb2 Bc6 26. f4 Qd6 27. Qc2 exf4 28. e4 fxe4 29. dxe4 fxg3 30. Rf7 Ne5 31. Bxe5 Qxe5 32. Raf1 Qd4+ 33. Kg2 Bxe4+ 34. Kh3 g5 35. Rf8+ Rxf8 36. Rxf8+ Kg7 37. Qc8 g4+ 38. Kh4 gxh2 39. Rg8+ Kh6 40. Qf8+ 1-0

[Event "57th Biel Festival ATO 2024"]
[Site "Biel"]
[Date "2024.07.17"]
[Round "2.38"]
[White "Huber, Ruth"]
[Black "Voet, Dirk"]
[Result "0-1"]
[ECO "A04"]
[WhiteElo "1612"]
[BlackElo "1869"]
[Annotator "NA RC"]
[PlyCount "50"]
[EventDate "2024.07.03"]
[EventType "swiss"]
[EventCountry "SUI"]
[SourceTitle "playchess.com"]
[Source "ChessBase"]
[SourceQuality "1"]
[TimeControl "40/5400+30:1800+30"]

1. Nf3 g6 2. g3 b6 3. Bg2 Bb7 4. O-O d6 5. c4 e5 6. Nc3 Bg7 7. d3 Nc6 8. a3 f5 9. e3 Nf6 10. Rb1 O-O 11. b4 Qd7 12. Bb2 Nd8 13. b5 Ne6 14. a4 Rae8 15. Ba3 Nd8 16. Qb3 Kh8 17. Rbd1 h6 18. Nh4 Kh7 19. Nf3 Qf7 20. Qb1 g5 21. h3 Kh8 22. Bb2 g4 23. hxg4 Nxg4 24. Nd2 Qh5 25. Nf3 Bxf3 0-1

[Event "57th Biel Festival ATO 2024"]
[Site "Biel"]
[Date "2024.07.17"]
[Round "2.39"]
[White "Ernst, Heinz"]
[Black "Materia, Mario"]
[Result "0-1"]
[ECO "D58"]
[WhiteElo "1830"]
[BlackElo "1590"]
[Annotator "NA RC"]
[PlyCount "76"]
[EventDate "2024.07.03"]
[EventType "swiss"]
[EventCountry "SUI"]
[SourceTitle "playchess.com"]
[Source "ChessBase"]
[SourceQuality "1"]
[TimeControl "40/5400+30:1800+30"]

1. d4 d5 2. c4 e6 3. Nc3 Nf6 4. Bg5 Be7 5. e3 O-O 6. Nf3 h6 7. Bh4 Nbd7 8. cxd5 exd5 9. Bd3 b6 10. O-O Bb7 11. Rc1 Rc8 12. Qe2 c5 13. Rfd1 Re8 14. Bf5 Ne4 15. Bxe7 Qxe7 16. Qf1 g6 17. Bh3 f5 18. dxc5 Nxc3 19. Rxc3 Nxc5 20. Rdc1 Ne4 21. Rxc8 Rxc8 22. Rxc8+ Bxc8 23. Qc1 Qc5 24. Qb1 g5 25. b4 Qd6 26. Nd4 g4 27. Qc2 Bd7 28. f3 Qxb4 29. Qc1 Nf6 30. Kf2 gxh3 31. gxh3 Qc4 32. Qb1 Qc7 33. Kg1 Qc3 34. Nxf5 Bxf5 35. Qxf5 Qxe3+ 36. Kf1 Qc1+ 37. Ke2 Qb2+ 38. Kd3 Qb1+ 0-1

[Event "57th Biel Festival ATO 2024"]
[Site "Biel"]
[Date "2024.07.17"]
[Round "2.40"]
[White "Kim Rian B"]
[Black "Galerne, Rene"]
[Result "0-1"]
[ECO "B15"]
[WhiteElo "1592"]
[BlackElo "1773"]
[Annotator "NA RC"]
[PlyCount "88"]
[EventDate "2024.07.03"]
[EventType "swiss"]
[EventCountry "SUI"]
[SourceTitle "playchess.com"]
[Source "ChessBase"]
[SourceQuality "1"]
[TimeControl "40/5400+30:1800+30"]

1. e4 c6 2. d4 d5 3. Nc3 dxe4 4. Nxe4 Nf6 5. Nxf6+ exf6 6. Nf3 Bd6 7. Bc4 O-O 8. Be3 Be6 9. Bb3 Re8 10. Qd2 Nd7 11. d5 cxd5 12. Bxd5 Qc7 13. b3 Bxd5 14. Qxd5 Qc3+ 15. Ke2 Qxc2+ 16. Nd2 Qc7 17. Rac1 Qb8 18. Nc4 Re6 19. Nxd6 Rxd6 20. Rc8+ Qxc8 21. Qxd6 Ne5 22. Rc1 Nc6 23. b4 Qg4+ 24. Kf1 Rd8 25. f3 Rxd6 26. fxg4 a6 27. Bc5 Re6 28. Re1 h6 29. Kf2 Ne5 30. Kg3 Nd3 31. Rxe6 fxe6 32. Bd6 Kf7 33. Kf3 e5 34. Ke3 Nf4 35. g3 Ne6 36. Ke4 Ke8 37. Kd5 Kd7 38. a4 b6 39. h3 Nc7+ 40. Bxc7 Kxc7 41. h4 Kd7 42. h5 Ke7 43. Kc6 e4 44. Kxb6 e3 0-1

[Event "57th Biel Festival ATO 2024"]
[Site "Biel"]
[Date "2024.07.17"]
[Round "2.41"]
[White "Akhmediyar, Yernur"]
[Black "Kern, Jesper"]
[Result "1-0"]
[ECO "A16"]
[WhiteElo "1751"]
[BlackElo "1569"]
[Annotator "NA RC"]
[PlyCount "70"]
[EventDate "2024.07.03"]
[EventType "swiss"]
[EventCountry "SUI"]
[SourceTitle "playchess.com"]
[Source "ChessBase"]
[SourceQuality "1"]
[TimeControl "40/5400+30:1800+30"]

1. c4 Nf6 2. Nc3 g6 3. g3 Bg7 4. Bg2 d6 5. d3 O-O 6. h3 e5 7. e3 Re8 8. Nge2 Nc6 9. O-O Bd7 10. Rb1 Rb8 11. b4 a6 12. a4 Ne7 13. a5 Bc6 14. e4 Bd7 15. Be3 Be6 16. Qc2 Nd7 17. f4 f5 18. Nd5 c6 19. Nb6 Nxb6 20. Bxb6 Qd7 21. Kh2 Rf8 22. Rbd1 Rbc8 23. d4 Qe8 24. c5 exd4 25. cxd6 fxe4 26. dxe7 Qxe7 27. Nxd4 Bxd4 28. Rxd4 Qf6 29. Rxe4 Qf5 30. Qc5 Bd5 31. Re5 Qd3 32. Bxd5+ cxd5 33. Qxd5+ Qxd5 34. Rxd5 Rc2+ 35. Rf2 Rfc8 1-0

[Event "57th Biel Festival ATO 2024"]
[Site "Biel"]
[Date "2024.07.17"]
[Round "2.42"]
[White "Hansen, Michael Bo"]
[Black "Wolffs, Walter"]
[Result "1-0"]
[ECO "A60"]
[WhiteElo "1759"]
[BlackElo "1544"]
[Annotator "NA RC"]
[PlyCount "65"]
[EventDate "2024.07.03"]
[EventType "swiss"]
[EventCountry "SUI"]
[SourceTitle "playchess.com"]
[Source "ChessBase"]
[SourceQuality "1"]
[TimeControl "40/5400+30:1800+30"]

1. d4 Nf6 2. c4 c5 3. d5 d6 4. Nc3 e6 5. e4 Be7 6. Bd3 e5 7. f4 Bg4 8. Qb3 Bc8 9. fxe5 dxe5 10. Nf3 Ng4 11. O-O a5 12. h3 Nf6 13. Nxe5 Bd6 14. Nf3 Nh5 15. e5 Be7 16. d6 Bh4 17. Nd5 Na6 18. Nb6 Rb8 19. Nxc8 Rxc8 20. Qxb7 Nb4 21. Nxh4 O-O 22. Nf5 Nxd3 23. Qxc8 Qxc8 24. Ne7+ Kh8 25. Nxc8 Rxc8 26. Rxf7 Kg8 27. Rc7 Rf8 28. d7 Nhf4 29. Bxf4 Nxf4 30. Rc8 Ne6 31. Rf1 Rd8 32. Rxd8+ Nxd8 33. e6 1-0

[Event "57th Biel Festival ATO 2024"]
[Site "Biel"]
[Date "2024.07.18"]
[Round "3.1"]
[White "Kulikov, Mikhail L"]
[Black "Wenger, Arejou"]
[Result "1-0"]
[ECO "E15"]
[WhiteElo "1954"]
[BlackElo "1875"]
[Annotator "RC"]
[PlyCount "65"]
[EventDate "2024.07.03"]
[EventType "swiss"]
[EventCountry "SUI"]
[SourceTitle "playchess.com"]
[Source "ChessBase"]
[SourceQuality "1"]
[TimeControl "40/5400+30:1800+30"]

1. Nf3 Nf6 2. c4 e6 3. d4 b6 4. g3 Ba6 5. b3 Bb4+ 6. Bd2 Be7 7. Bg2 O-O 8. O-O d5 9. Ne5 Bb7 10. Nc3 Nbd7 11. Bf4 Ne4 12. Nxe4 dxe4 13. Qc2 f5 14. Rad1 Bf6 15. f3 Bxe5 16. dxe5 exf3 17. exf3 Qe7 18. Qc3 Rad8 19. b4 c5 20. b5 g5 21. Bc1 f4 22. Rd6 Rf5 23. Rfd1 Rxe5 24. Bb2 Re2 25. Qh8+ Kf7 26. Qxh7+ Kf8 27. Qh8+ Kf7 28. Qg7+ Ke8 29. Qg8+ Qf8 30. Qxf8+ Kxf8 31. Bf6 Nxf6 32. Rxd8+ Ke7 33. Rb8 1-0

[Event "57th Biel Festival ATO 2024"]
[Site "Biel"]
[Date "2024.07.18"]
[Round "3.2"]
[White "Schneuwly, Achim"]
[Black "Kuenzi, Anton"]
[Result "0-1"]
[ECO "A05"]
[WhiteElo "1933"]
[BlackElo "1862"]
[Annotator "RC"]
[PlyCount "92"]
[EventDate "2024.07.03"]
[EventType "swiss"]
[EventCountry "SUI"]
[SourceTitle "playchess.com"]
[Source "ChessBase"]
[SourceQuality "1"]
[TimeControl "40/5400+30:1800+30"]

1. Nf3 Nf6 2. e3 g6 3. b4 Bg7 4. Bb2 O-O 5. Be2 a5 6. b5 a4 7. d4 d5 8. c4 Ne4 9. O-O dxc4 10. Bxc4 Nd6 11. Qe2 Nxc4 12. Qxc4 Be6 13. Qe2 c6 14. Ba3 Qa5 15. Nbd2 cxb5 16. Rfb1 Bd7 17. Bxe7 Rc8 18. Bb4 Qc7 19. h3 Na6 20. Ba3 Qc3 21. Bd6 f5 22. Ne5 Bxe5 23. dxe5 Nc5 24. e4 Qd3 25. Qxd3 Nxd3 26. exf5 gxf5 27. Nf3 Rc4 28. Rd1 Nf4 29. Rab1 Ne2+ 30. Kh2 Nc3 31. Re1 Nxb1 32. Rxb1 h6 33. e6 Bxe6 34. Rxb5 Rc6 35. Bf4 Bxa2 36. Ne5 Re6 37. Rxb7 Bd5 38. Rb5 Be4 39. f3 Bc2 40. Rc5 Bb3 41. Nc6 a3 42. Nd4 Rb6 43. Be5 a2 44. Rc7 a1=Q 45. Rg7+ Kf8 46. Ne6+ Bxe6 0-1

[Event "57th Biel Festival ATO 2024"]
[Site "Biel"]
[Date "2024.07.18"]
[Round "3.3"]
[White "Nergard, Ole-Kristian"]
[Black "Andrzejewska, Anna"]
[Result "0-1"]
[ECO "B07"]
[WhiteElo "1830"]
[BlackElo "1933"]
[Annotator "RC"]
[PlyCount "70"]
[EventDate "2024.07.03"]
[EventType "swiss"]
[EventCountry "SUI"]
[SourceTitle "playchess.com"]
[Source "ChessBase"]
[SourceQuality "1"]
[TimeControl "40/5400+30:1800+30"]

1. d4 Nf6 2. Nc3 g6 3. Bf4 Bg7 4. Qd2 d6 5. e4 a6 6. Bh6 O-O 7. h4 b5 8. a3 c5 9. Bxg7 Kxg7 10. f3 cxd4 11. Qxd4 Nc6 12. Qd2 h5 13. Nh3 Qa5 14. Rd1 b4 15. Nd5 bxa3 16. Qxa5 Nxa5 17. bxa3 Nxd5 18. Rxd5 Nb7 19. Nf4 e5 20. Nh3 Be6 21. Rd2 Rfc8 22. Nf2 Rc3 23. Nd3 Rxa3 24. Nb4 a5 25. Nd5 Bxd5 26. Rxd5 Ra2 27. g4 Rxc2 28. gxh5 gxh5 29. Be2 a4 30. f4 a3 31. fxe5 a2 32. Rg1+ Kf8 33. exd6 a1=Q+ 34. Bd1 Qc3+ 35. Kf1 Qh3+ 0-1

[Event "57th Biel Festival ATO 2024"]
[Site "Biel"]
[Date "2024.07.18"]
[Round "3.4"]
[White "Conrad, Vincent"]
[Black "Haas, Anthony"]
[Result "1/2-1/2"]
[ECO "E18"]
[WhiteElo "1931"]
[BlackElo "1824"]
[Annotator "NA RC"]
[PlyCount "40"]
[EventDate "2024.07.03"]
[EventType "swiss"]
[EventCountry "SUI"]
[SourceTitle "playchess.com"]
[Source "ChessBase"]
[SourceQuality "1"]
[TimeControl "40/5400+30:1800+30"]

1. Nf3 d5 2. d4 e6 3. c4 Nf6 4. g3 Be7 5. Bg2 O-O 6. Qc2 b6 7. O-O Bb7 8. Ne5 Nbd7 9. Nc3 c5 10. Nxd7 Qxd7 11. dxc5 bxc5 12. Rd1 Rfd8 13. cxd5 exd5 14. Bg5 Qe6 15. Nb5 Rd7 16. Rac1 a6 17. Nc3 Rad8 18. e3 h6 19. Bxf6 Qxf6 20. Na4 Qe6 1/2-1/2

[Event "57th Biel Festival ATO 2024"]
[Site "Biel"]
[Date "2024.07.18"]
[Round "3.5"]
[White "Oestmann, Lukas"]
[Black "Mohr, Jan"]
[Result "1-0"]
[ECO "B76"]
[WhiteElo "1926"]
[BlackElo "1824"]
[Annotator "NA RC"]
[PlyCount "63"]
[EventDate "2024.07.03"]
[EventType "swiss"]
[EventCountry "SUI"]
[SourceTitle "playchess.com"]
[Source "ChessBase"]
[SourceQuality "1"]
[TimeControl "40/5400+30:1800+30"]

1. e4 c5 2. Nf3 d6 3. d4 cxd4 4. Nxd4 Nf6 5. Nc3 g6 6. Be3 Bg7 7. f3 O-O 8. Qd2 Nc6 9. g4 Be6 10. O-O-O Nxd4 11. Bxd4 Qc7 12. h4 a6 13. h5 b5 14. hxg6 fxg6 15. Qh2 Rf7 16. e5 dxe5 17. Bxe5 Qb6 18. Bd3 b4 19. Ne4 Bxa2 20. b3 Rc8 21. Nd2 Bxb3 22. Nxb3 Qe3+ 23. Kb1 Qxf3 24. g5 Nh5 25. Bxg7 Rxg7 26. Qe5 Qc6 27. Be4 Qc3 28. Qa5 Nf4 29. Rd8+ Kf7 30. Rf1 Rxd8 31. Qxd8 Qe5 32. Qd2 1-0

[Event "57th Biel Festival ATO 2024"]
[Site "Biel"]
[Date "2024.07.18"]
[Round "3.6"]
[White "Ribera Caro, Joan"]
[Black "Noh, Jinwoo"]
[Result "0-1"]
[ECO "E05"]
[WhiteElo "1920"]
[BlackElo "1824"]
[Annotator "RC"]
[PlyCount "33"]
[EventDate "2024.07.03"]
[EventType "swiss"]
[EventCountry "SUI"]
[SourceTitle "playchess.com"]
[Source "ChessBase"]
[SourceQuality "1"]
[TimeControl "40/5400+30:1800+30"]

1. d4 Nf6 2. Nf3 d5 3. c4 e6 4. g3 Be7 5. Bg2 O-O 6. O-O dxc4 7. Qc2 a6 8. Qxc4 b5 9. Qc2 Bb7 10. Bf4 Nd5 11. Nbd2 Nxf4 12. gxf4 Nc6 13. e3 Nb4 14. Nb3 Nd5 15. Qb1 f5 16. Ne5 Bd6 17. Kh1 0-1

[Event "57th Biel Festival ATO 2024"]
[Site "Biel"]
[Date "2024.07.18"]
[Round "3.7"]
[White "Spaeti, Kurt"]
[Black "Kuenzli, Simon"]
[Result "0-1"]
[ECO "B84"]
[WhiteElo "1804"]
[BlackElo "1919"]
[Annotator "NA RC"]
[PlyCount "48"]
[EventDate "2024.07.03"]
[EventType "swiss"]
[EventCountry "SUI"]
[SourceTitle "playchess.com"]
[Source "ChessBase"]
[SourceQuality "1"]
[TimeControl "40/5400+30:1800+30"]

1. e4 c5 2. Nf3 d6 3. d4 cxd4 4. Nxd4 Nf6 5. Nc3 a6 6. Be2 e6 7. Be3 Qc7 8. Qd2 b5 9. a3 Bb7 10. f3 Nbd7 11. g4 Nb6 12. g5 Nfd7 13. O-O-O Rc8 14. Kb1 Ne5 15. Rhe1 Nbc4 16. Bxc4 Nxc4 17. Qd3 Nxa3+ 18. Ka1 Qa5 19. Nb3 Nxc2+ 20. Kb1 Nxe1 21. Nxa5 Nxd3 22. Nxb7 Ne5 23. Bf4 Nc4 24. b3 Rc7 0-1

[Event "57th Biel Festival ATO 2024"]
[Site "Biel"]
[Date "2024.07.18"]
[Round "3.8"]
[White "Kalbermatter, Philipp"]
[Black "Meshach, Felix"]
[Result "1/2-1/2"]
[ECO "B33"]
[WhiteElo "1912"]
[BlackElo "1773"]
[Annotator "ChessBase"]
[PlyCount "76"]
[EventDate "2024.07.03"]
[EventType "swiss"]
[EventCountry "SUI"]
[SourceTitle "playchess.com"]
[Source "ChessBase"]
[SourceQuality "1"]
[TimeControl "40/5400+30:1800+30"]

1. e4 c5 2. Nf3 Nc6 3. d4 cxd4 4. Nxd4 Nf6 5. Nc3 e5 6. Ndb5 d6 7. Bg5 a6 8. Na3 b5 9. Nd5 Be7 10. Nxe7 Nxe7 11. Bd3 Be6 12. O-O d5 13. exd5 Bxd5 14. Bxf6 gxf6 15. c4 bxc4 16. Bxc4 Rg8 17. Bxd5 Nxd5 18. Qa4+ Kf8 19. Rad1 Ra7 20. Qe4 Rd7 21. Nc4 Rg6 22. g3 Nf4 23. Ne3 Nh3+ 24. Kg2 Ng5 25. Qb4+ Kg8 26. Qb7 Rxd1 27. Rxd1 Qe8 28. Nf5 Ne6 29. Ne7+ Kg7 30. Nxg6 hxg6 31. Qd7 Qb8 32. Rd2 Nd4 33. Rxd4 exd4 34. Qxd4 Qb5 35. b4 Qc6+ 36. Kg1 Qc1+ 37. Kg2 Qc6+ 38. Kg1 Qc1+ 1/2-1/2

[Event "57th Biel Festival ATO 2024"]
[Site "Biel"]
[Date "2024.07.18"]
[Round "3.9"]
[White "Yu, Tianxiang Carlos"]
[Black "Szelag, Zuzanna"]
[Result "1-0"]
[ECO "C01"]
[WhiteElo "1769"]
[BlackElo "1897"]
[Annotator "NA"]
[PlyCount "161"]
[EventDate "2024.07.03"]
[EventType "swiss"]
[EventCountry "SUI"]
[SourceTitle "playchess.com"]
[Source "ChessBase"]
[SourceQuality "1"]
[TimeControl "40/5400+30:1800+30"]

1. e4 e6 2. d4 d5 3. Bd3 Be7 4. Ne2 Nf6 5. e5 Nfd7 6. c3 c5 7. a3 Nc6 8. Be3 Qb6 9. b4 cxd4 10. cxd4 f6 11. Nf4 Nf8 12. Qh5+ Kd8 13. Ne2 Bd7 14. Nd2 Rc8 15. Rc1 a6 16. O-O Be8 17. Qh3 f5 18. f4 h5 19. Nf3 h4 20. Ng5 Bxg5 21. fxg5 Bh5 22. Bf2 Ng6 23. Qe3 Rf8 24. Nf4 Nxf4 25. Qxf4 h3 26. gxh3 g6 27. Rc5 Rc7 28. Rfc1 Rff7 29. Kg2 Rfd7 30. Qd2 Rf7 31. Qf4 Rfd7 32. Be3 Rf7 33. Kg3 Rh7 34. Bf1 Rhf7 35. Kg2 Rfd7 36. Qf2 Rf7 37. Bf4 Rh7 38. Qe3 Rhf7 39. Qd2 Rfd7 40. Kf2 Rh7 41. R1c3 Rhd7 42. Ke3 Rf7 43. Qc1 Rh7 44. Rc2 Rhf7 45. Qb2 Rfd7 46. Qa1 Rh7 47. Qb2 Rhd7 48. Rc1 Rh7 49. Qc3 Rhd7 50. Bd3 Rh7 51. Bg3 Rhf7 52. Kf4 Rh7 53. Bf1 Rhf7 54. Bf2 Rh7 55. Qb2 Rhf7 56. Qb1 Rh7 57. R1c2 Rhf7 58. Be3 Rh7 59. Rb2 Rhf7 60. a4 Rh7 61. Rb3 Kc8 62. a5 Qa7 63. Qc2 Kd7 64. Qc3 Qa8 65. Qd3 Qa7 66. Bc1 Rh8 67. Bb2 Rh7 68. Qd2 Rh8 69. Ba3 Rhc8 70. Rb1 Rh8 71. Rb2 Rhc8 72. Bg2 Ne7 73. b5 Qa8 74. Bf1 axb5 75. Bxb5+ Nc6 76. Qb4 Re8 77. a6 bxa6 78. Rxc6 Rxc6 79. Qd6+ Kc8 80. Bxc6 Rd8 81. Bxa8 1-0